[Event "XVIII La Palma-ch 2019"]
[Site "La Palma"]
[Date "2019.03.29"]
[Round "1.1"]
[White "Ros Octavio De Toledo, Eduardo"]
[Black "Rodriguez Martin, Miguel Angel"]
[Result "1-0"]
[ECO "A31"]
[WhiteElo "2061"]
[BlackElo "2026"]
[Annotator "NA RC"]
[PlyCount "57"]
[EventDate "2019.03.29"]
[EventType "swiss"]
[EventCountry "ESP"]
[SourceTitle "playchess.com"]
[Source "ChessBase"]
[SourceQuality "1"]
[TimeControl "5400+30"]

1. Nf3 c5 2. c4 Nc6 3. d4 cxd4 4. Nxd4 d6 5. Nc3 Nf6 6. e4 e6 7. Be2 Be7 8. O-O a6 9. Be3 O-O 10. Qd2 Qc7 11. f3 b6 12. Rac1 Ne5 13. Rfd1 Bb7 14. b3 Rac8 15. Bf1 Qb8 16. Qf2 Ned7 {[%emt 0:01:48] A31: Symmetrical English: 2 Nf3 Nf6 3 d4} (16... Rfe8 $14) (16... Nfd7 17. Kh1 Bf6 18. Qg3 Ng6 19. Nde2 Be5 20. f4 Bf6 21. f5 Be5 22. Qh3 exf5 23. exf5 Ne7 24. Nd4 {1-0 (80) Mkrtchian,L (2400)-Dzagnidze,N (2482) Kishinev 2005}) 17. a4 $146 ({Predecessor:} 17. g4 Ne5 18. g5 Nfd7 19. Bh3 Nc5 20. Qe2 Rfe8 21. Bg2 Ng6 22. Bh3 Rcd8 23. b4 Nd7 {0-1 (59) Matorin,E (2226)-Solomaha,A (2297) Kiev 2010}) 17... Bd8 18. b4 ({Better is} 18. g4 $16) 18... Bc7 (18... Ne5 $11) 19. h3 d5 20. exd5 exd5 21. cxd5 Bg3 22. Qa2 Rxc3 23. Rxc3 Nxd5 24. Rb3 Nxe3 25. Rxe3 $18 Bf4 26. Ree1 Qd8 27. Ne6 Qh4 28. Nxf4 Qxf4 29. Rxd7 1-0

[Event "XVIII La Palma-ch 2019"]
[Site "La Palma"]
[Date "2019.03.29"]
[Round "1.2"]
[White "Francisco Concepcion, Francisco"]
[Black "Guerra Arrocha, Daniel"]
[Result "0-1"]
[ECO "A24"]
[WhiteElo "1494"]
[BlackElo "2038"]
[Annotator "NA"]
[PlyCount "60"]
[EventDate "2019.03.29"]
[EventType "swiss"]
[EventCountry "ESP"]
[SourceTitle "playchess.com"]
[Source "ChessBase"]
[SourceQuality "1"]
[TimeControl "5400+30"]

1. Nf3 Nf6 2. c4 g6 3. Nc3 Bg7 4. g3 O-O 5. Bg2 d6 6. O-O c6 7. Qc2 e5 8. d3 Bg4 9. Ne1 Qd7 10. f3 Bh3 11. e3 d5 12. Rf2 Bxg2 13. Rxg2 b5 14. cxb5 cxb5 15. Qb3 a6 16. a4 d4 17. Ne2 bxa4 18. Rxa4 Nc6 19. exd4 Nxd4 20. Nxd4 exd4 21. Qa2 Nd5 22. Bd2 Qb7 23. Re2 Rfb8 24. Bc1 Re8 25. Rxe8+ Rxe8 26. Kf2 Qe7 27. Qxd5 Qxe1+ 28. Kg2 Qxc1 29. Rxa6 Qc2+ 30. Kh3 Qc8+ 0-1

[Event "XVIII La Palma-ch 2019"]
[Site "La Palma"]
[Date "2019.03.29"]
[Round "1.3"]
[White "Rodriguez Miranda, Sergio"]
[Black "Iglesias Dominguez, Jacinto"]
[Result "1-0"]
[ECO "A40"]
[WhiteElo "1957"]
[BlackElo "1441"]
[Annotator "NA"]
[PlyCount "127"]
[EventDate "2019.03.29"]
[EventType "swiss"]
[EventCountry "ESP"]
[SourceTitle "playchess.com"]
[Source "ChessBase"]
[SourceQuality "1"]
[TimeControl "5400+30"]

1. d4 c5 2. c4 e6 3. Nc3 (3. d5 exd5 4. cxd5 d6 5. Nc3 a6 6. a4 g6 7. Nf3 Bg7 8. Nd2 Nd7 9. e4 Nh6 10. Nc4 Nb6 11. Ne3 f5 12. a5 Nd7 13. exf5 O-O 14. fxg6 hxg6 {0-1 (58) Kryakvin,D (2588)-Ponkratov,P (2630) Khanty-Mansiysk 2018}) 3... cxd4 4. Qxd4 Nc6 5. Qd1 Nf6 6. g3 {[%emt 0:00:13] A40: Unusual replies to 1 d4} Bb4 7. Bd2 d5 8. cxd5 exd5 $146 ({Predecessor:} 8... Nxd5 9. Nxd5 Qxd5 10. Nf3 Bxd2+ 11. Qxd2 Qxd2+ 12. Nxd2 {½-½ (38) Hamzagic,A (2091)-Gapa,A Neum 2012}) 9. Bg2 O-O 10. Nf3 Re8 11. O-O h6 12. a3 Bc5 13. Rc1 Bg4 14. b4 Bb6 15. Na4 Ne4 16. Nxb6 axb6 17. Ra1 b5 18. h3 Bh5 19. g4 Bg6 20. e3 Qe7 21. Be1 Qf6 22. Ra2 Red8 23. Qb3 d4 24. exd4 Nxd4 25. Nxd4 Qxd4 26. Re2 Nd6 27. Bc3 Qc4 28. Qb2 f6 29. Rfe1 Bf7 30. Rd2 Qc7 31. Qc1 Nc4 32. Rxd8+ Qxd8 33. Bb2 Nxb2 34. Qxb2 Qd3 35. Re3 Qd1+ 36. Kh2 Rd8 37. Qc3 Bc4 38. Re1 Qd6+ 39. Qg3 Qxg3+ 40. Kxg3 Kf7 41. Bxb7 Rd3+ 42. Re3 Rxe3+ 43. fxe3 Ke6 44. Kf4 Bb3 45. Bc6 Bc4 46. Bb7 Bb3 47. Ba6 Ba4 48. Ke4 g6 49. Kd4 Kd6 50. Bb7 f5 51. gxf5 $18 gxf5 52. h4 Bc2 53. Bf3 Ba4 54. Be2 Ke6 55. Bd3 Kf6 56. Kd5 Bb3+ 57. Kc5 Ba4 58. Kd6 f4 59. exf4 Bb3 60. Bxb5 Kf5 61. a4 Kxf4 62. a5 Ke4 63. a6 Bd5 64. Bc6 1-0

[Event "XVIII La Palma-ch 2019"]
[Site "La Palma"]
[Date "2019.03.29"]
[Round "1.4"]
[White "Sanchez Hernandez, Jorge Vicente"]
[Black "Haertl, Siegfried"]
[Result "0-1"]
[ECO "A13"]
[WhiteElo "1384"]
[BlackElo "1945"]
[Annotator "NA"]
[PlyCount "88"]
[EventDate "2019.03.29"]
[EventType "swiss"]
[EventCountry "ESP"]
[SourceTitle "playchess.com"]
[Source "ChessBase"]
[SourceQuality "1"]
[TimeControl "5400+30"]

1. c4 e6 2. g3 Nf6 3. Bg2 d5 4. cxd5 exd5 5. d3 Bb4+ 6. Bd2 Be7 7. Nf3 O-O 8. O-O c5 9. Nc3 Nc6 10. a3 Re8 11. Re1 Bg4 12. Qc2 Bxf3 13. Bxf3 Nd4 14. Qd1 Nxf3+ 15. exf3 Qd7 16. Kg2 h6 17. Ne2 d4 18. Nf4 Bf8 19. Qb3 b5 20. h4 Rac8 21. Rxe8 Rxe8 22. Re1 Rxe1 23. Bxe1 Qc6 24. Qd1 Nd5 25. Nxd5 Qxd5 26. Qc2 c4 27. dxc4 bxc4 28. Bd2 Bc5 29. Qe4 Qd7 30. Qg4 Qxg4 31. fxg4 Kf8 32. f4 Ke7 33. Kf3 Kd6 34. Ke4 d3 35. h5 Bf2 36. Kf3 Bd4 37. Bc3 Bxc3 38. bxc3 Ke6 39. Ke3 f6 40. a4 Kd5 41. g5 fxg5 42. fxg5 hxg5 43. g4 Kc5 44. Kd2 Kb6 0-1

[Event "XVIII La Palma-ch 2019"]
[Site "La Palma"]
[Date "2019.03.30"]
[Round "2.1"]
[White "Rodriguez Bittar, Karim Javier"]
[Black "Ros Octavio De Toledo, Eduardo"]
[Result "1/2-1/2"]
[ECO "A46"]
[WhiteElo "1940"]
[BlackElo "2061"]
[Annotator "NA"]
[PlyCount "45"]
[EventDate "2019.03.29"]
[EventType "swiss"]
[EventCountry "ESP"]
[SourceTitle "playchess.com"]
[Source "ChessBase"]
[SourceQuality "1"]
[TimeControl "5400+30"]

1. d4 Nf6 2. Nf3 e6 3. g3 c5 4. Bg2 Nc6 5. O-O Qb6 6. dxc5 Bxc5 7. Nc3 {[%emt 0:01:21] A46: 1 d4 Nf6 2 Nf3 e6: Torre, London and Colle Systems} (7. c4 Ne4 8. e3 O-O 9. Ne1 d5 10. cxd5 exd5 11. Qxd5 Nf6 12. Qg5 Be6 13. Nc3 Be7 14. Qf4 Rfd8 15. b3 {0-1 (41) Adly,A (2630)-Amin,B (2578) Egypt 2010}) 7... Be7 8. e4 d6 9. Re1 ({Predecessor:} 9. Qe2 O-O 10. Rd1 Bd7 11. a3 Rfd8 12. Be3 Qc7 13. Nb5 Qb8 14. Bf4 Ne5 {½-½ (80) Balog,I (2525)-Rigo,Z (2379) Slovakia 2015}) 9... O-O 10. b3 a6 11. Na4 Qc7 12. c4 b5 13. Nb2 Bb7 14. Bf4 Rfd8 15. Qe2 Qa5 16. Bd2 Qa3 17. Bc1 Qa5 18. Bd2 Qa3 19. Bc1 Qa5 20. Bd2 $11 Qb6 21. Be3 Qa5 22. Bd2 Qa3 23. Bc1 1/2-1/2

[Event "XVIII La Palma-ch 2019"]
[Site "La Palma"]
[Date "2019.03.30"]
[Round "2.2"]
[White "Guerra Arrocha, Daniel"]
[Black "Lopez Rodriguez, Hector"]
[Result "1-0"]
[ECO "C07"]
[WhiteElo "2038"]
[BlackElo "2212"]
[Annotator "NA"]
[PlyCount "145"]
[EventDate "2019.03.29"]
[EventType "swiss"]
[EventCountry "ESP"]
[SourceTitle "playchess.com"]
[Source "ChessBase"]
[SourceQuality "1"]
[TimeControl "5400+30"]

1. e4 e6 2. d4 d5 3. Nd2 c5 4. Ngf3 Nf6 5. exd5 Qxd5 6. Bc4 Qd8 7. O-O Nc6 8. Nb3 cxd4 9. Nbxd4 Nxd4 10. Nxd4 a6 11. c3 Bc5 {[%emt 0:07:42] C07: French Tarrasch: 3...c5, 4 Ngf3 and 4 exd5 Qxd5} (11... Be7 12. h3 Qc7 13. Bd3 O-O 14. Qf3 Rd8 15. Re1 Bd7 16. Bf4 Qb6 17. Rab1 Bc6 18. Nxc6 Qxc6 19. Qxc6 bxc6 {½-½ (74) Bykovskiy,O (2349)-Shalimov,V (2402) Omelnyk 2017}) 12. Be3 O-O 13. Qf3 Qc7 14. Bd3 $146 ({Predecessor:} 14. Bf4 e5 15. Bg3 Bxd4 16. cxd4 Qxc4 17. Bxe5 Qe6 18. Rfe1 Qg4 {0-1 (28) Afonso Martin,A (1673)-Cruz Diaz,F (1651) Tenerife 2016}) 14... Rb8 15. Bg5 Be7 16. Rfe1 b5 {[%emt 0:01:31] [#]} (16... Nd5 $11 {and Black stays safe.} 17. Bxe7 Nxe7) 17. Nc6 $1 Bb7 18. Nxe7+ Qxe7 19. Qg3 Rbd8 20. Re3 g6 21. Qh4 Kg7 22. Qh6+ Kg8 23. Qh4 Kg7 24. Bh6+ Kg8 25. Bxf8 Kxf8 26. Be2 Kg7 27. Bf3 Bxf3 28. Rxf3 Rd5 29. h3 Rh5 (29... g5 $16 {might work better.} 30. Qg3 Nh5) 30. Qd4 Rd5 31. Qe3 Qd6 32. Re1 Rd2 33. Qg5 Qd8 34. Rxf6 h6 35. Rxg6+ fxg6 36. Qxd8 Rxd8 37. Rxe6 Rd1+ 38. Kh2 Rd2 39. Rxa6 Rxb2 40. f3 Rc2 41. Ra3 Kf6 42. Rb3 Rxa2 43. Rxb5 Rc2 44. Rc5 h5 45. h4 Ra2 46. Kh3 Rf2 47. Rc6+ Kf5 48. g4+ hxg4+ 49. fxg4+ Ke5 50. h5 gxh5 51. gxh5 Rf1 52. Kh4 Kf5 53. h6 Rh1+ 54. Kg3 Rg1+ 55. Kf3 Rh1 56. Ke3 Ke5 57. Rc5+ Kd6 {[%emt 0:00:20] [#]} 58. Ra5 $1 Kc6 59. Ra6+ Kd5 60. Kf4 Kc4 61. Rc6+ Kd5 62. Rf6 Rh3 63. Kg5 Ke5 64. Rc6 Rg3+ 65. Kh5 Kf5 66. Rc4 Rh3+ 67. Rh4 Rg3 68. Rh1 $11 Rg5+ 69. Kh4 Rg4+ 70. Kh3 Rg8 71. h7 Rh8 72. Kg3 Kg5 73. c4 1-0

[Event "XVIII La Palma-ch 2019"]
[Site "La Palma"]
[Date "2019.03.30"]
[Round "2.3"]
[White "Alonso Perez, Alfredo"]
[Black "Rodriguez Miranda, Sergio"]
[Result "1/2-1/2"]
[ECO "E81"]
[WhiteElo "1730"]
[BlackElo "1957"]
[Annotator "NA"]
[PlyCount "108"]
[EventDate "2019.03.29"]
[EventType "swiss"]
[EventCountry "ESP"]
[SourceTitle "playchess.com"]
[Source "ChessBase"]
[SourceQuality "1"]
[TimeControl "5400+30"]

1. d4 Nf6 2. c4 g6 3. Nc3 Bg7 4. e4 d6 5. f3 O-O 6. Be3 a6 7. Nge2 Nbd7 8. Qd2 c5 9. Ng3 (9. dxc5 $14 Nxc5 10. Rd1) 9... cxd4 {[%emt 0:13:35] LiveBook: 3 Games E81: King's Indian: Sämisch: 6th move deviations (including 6 Be3 c6)} 10. Bxd4 Ne5 11. Be2 Be6 12. b3 (12. Nd5 b5 13. cxb5 axb5 14. Nxf6+ Bxf6 15. O-O Nc4 16. Bxc4 Bxd4+ 17. Qxd4 Bxc4 {½-½ (59) Latzke,B (2181)-Hirneise,J (2293) Stuttgart 2016}) 12... Nc6 $146 ({Predecessor:} 12... Qa5 13. Rc1 Rac8 14. O-O Rfd8 15. Rc2 Nc6 16. Be3 Nd7 17. Na4 {1-0 (27) Muha,M (1862)-Maresic,J (1711) Mureck 2013}) 13. Be3 Qa5 14. Rc1 Rfd8 15. Nd5 Qxd2+ 16. Bxd2 Bxd5 17. cxd5 Nd4 18. O-O Nxe2+ 19. Nxe2 Rdc8 20. Rxc8+ Rxc8 21. Rc1 Rxc1+ 22. Nxc1 Kf8 23. Kf1 Ke8 24. Ke2 Kd7 25. Nd3 e6 26. dxe6+ fxe6 27. e5 Nd5 28. exd6 Kxd6 29. Nf2 h6 30. Ne4+ Kc6 31. Kd3 e5 32. g3 Nc7 33. Nc3 Ne6 34. Ke4 Nc5+ 35. Ke3 Ne6 36. Ke4 Kd6 37. Be3 $11 Nd4 38. Bxd4 exd4 39. Ne2 Kc5 40. Kd3 g5 41. h3 Bf6 42. f4 Kd5 43. f5 b6 44. g4 Be5 45. Ng1 a5 46. Nf3 Bf6 47. Nd2 Bd8 48. Ne4 Be7 49. Ng3 Ke5 50. Ne2 Bc5 51. Ng3 Bf8 52. Ne2 Bc5 53. Ng3 Bf8 54. Ne2 Bc5 1/2-1/2

[Event "XVIII La Palma-ch 2019"]
[Site "La Palma"]
[Date "2019.03.30"]
[Round "3.2"]
[White "Ros Octavio De Toledo, Eduardo"]
[Black "Haertl, Siegfried"]
[Result "1/2-1/2"]
[ECO "D60"]
[WhiteElo "2061"]
[BlackElo "1945"]
[Annotator "NA RC"]
[PlyCount "101"]
[EventDate "2019.03.29"]
[EventType "swiss"]
[EventCountry "ESP"]
[SourceTitle "playchess.com"]
[Source "ChessBase"]
[SourceQuality "1"]
[TimeControl "5400+30"]

1. Nf3 Nf6 2. c4 e6 3. Nc3 d5 4. d4 Be7 5. Bg5 O-O 6. e3 Nbd7 {[%emt 0:03:41] LiveBook: 3307 Games} 7. Rc1 h6 8. Bh4 c6 9. Bd3 b6 10. cxd5 cxd5 11. O-O Bb7 12. Qe2 Ne4 {[%emt 0:02:56] D60: Queen's Gambit Declined: Classical: Unusual White 7th moves} 13. Bg3 (13. Bxe7 Qxe7 14. Nb5 Rfc8 15. a3 Ndf6 16. Rxc8+ Bxc8 17. Rc1 Ne8 18. Ne5 Bb7 19. f3 N4d6 20. Nc3 {1-0 (74) Donchenko,A (2573)-Jugelt,T (2431) Apolda 2017}) 13... Nxg3 14. hxg3 Nf6 15. Ba6 Bxa6 $146 ({Predecessor:} 15... Qb8 16. Rc2 Bd6 17. Rfc1 Ng4 18. Bxb7 Qxb7 19. Nb5 Qd7 20. Nxd6 Qxd6 {1-0 (52) Dlabik,J (2133)-Murin,J (2018) Slovakia 2006}) 16. Qxa6 Qc8 17. Qa4 Qb7 18. Ne5 Rac8 19. a3 Bd6 20. Nd3 Rc4 21. Qb3 Rfc8 22. Rfd1 Qe7 23. Rc2 Ng4 24. Ne1 Bxg3 $2 (24... Qg5 $15 25. Nf3 Qg6) 25. fxg3 Nxe3 {[%emt 0:00:30] [#]} (25... Qc7 $16 {was necessary.}) 26. Rcd2 $2 (26. Nxd5 $1 $18 exd5 (26... Nxd5 27. Rxc4) 27. Re2) 26... Nxd1 27. Qxd1 Qg5 (27... Rxc3 $5 28. bxc3 Qxa3 $17) 28. Rd3 a6 29. Qd2 Qg6 30. Nf3 f6 31. Qe2 Qf7 32. Re3 {[%emt 0:00:42] [#]} R8c6 (32... e5 $1 $11 33. Qd2 (33. dxe5 d4 $17) 33... e4) 33. Qd3 b5 34. Nd2 {[%emt 0:01:44] Trapped Piece} b4 $1 35. axb4 $2 (35. Na2 $16 {stays on course.}) 35... Rxb4 36. b3 {[%emt 0:00:50] [#]} Qa7 (36... e5 $1 $17 37. Ne2 (37. dxe5 d4) 37... e4) 37. Ne2 a5 38. Kh2 (38. Nf3 $11) 38... a4 39. bxa4 Rxa4 40. Nf3 Qf7 41. g4 Qc7+ 42. Kh3 Ra1 43. Ng3 Rcc1 44. Rxe6 Rh1+ 45. Nh2 Rhe1 46. Qf5 Ra3 47. Nf3 Rxe6 48. Qxe6+ Qf7 49. Qxf7+ Kxf7 50. Nf5 Ra4 $11 51. Nxh6+ $2 (51. Kg3 $11 {and White stays safe.}) 1/2-1/2

[Event "XVIII La Palma-ch 2019"]
[Site "La Palma"]
[Date "2019.03.30"]
[Round "3.3"]
[White "Rodriguez Miranda, Sergio"]
[Black "Garcia De La Banda, Francisco"]
[Result "1-0"]
[ECO "D12"]
[WhiteElo "1957"]
[BlackElo "1882"]
[Annotator "NA RC"]
[PlyCount "95"]
[EventDate "2019.03.29"]
[EventType "swiss"]
[EventCountry "ESP"]
[SourceTitle "playchess.com"]
[Source "ChessBase"]
[SourceQuality "1"]
[TimeControl "5400+30"]

1. d4 d5 2. c4 c6 3. Nf3 Nf6 4. e3 Bf5 5. Nc3 Nbd7 6. cxd5 {[%emt 0:00:57] D12: Slav Defence: 3 Nf3 Nf6 4 e3 Bf5} Nxd5 7. Bd3 (7. Nh4 Bg6 8. g3 e6 9. Bg2 Qa5 10. Nxg6 hxg6 11. Bd2 Qa6 12. Qe2 Qxe2+ 13. Kxe2 N7b6 {1-0 (41) Gavrikov,V (2559)-Hochstrasser,M (2353) Switzerland 2006}) 7... Bxd3 8. Qxd3 e6 $146 ({Predecessor:} 8... Nxc3 9. bxc3 e6 10. O-O Bd6 11. e4 O-O 12. e5 Be7 13. Be3 f6 {0-1 (25) Pedersen,S (2260)-Gundogmus,A La Pineda 2004}) 9. a3 Bd6 10. O-O Qc7 11. Nxd5 exd5 12. b4 a6 13. Bd2 Nf6 14. Rfc1 O-O 15. a4 Qb6 16. Rab1 Ne4 17. Be1 Rfe8 18. b5 cxb5 19. axb5 h6 20. bxa6 Qxa6 21. Qb3 Qa2 22. Qxa2 Rxa2 23. Rxb7 Rea8 24. Kf1 Ra1 25. Rbb1 R1a2 26. h3 Ba3 27. Rc6 Bd6 28. Rb5 Ra1 29. Rc2 Rd1 30. Ke2 Raa1 31. Rxd5 Rdb1 32. Kd3 f5 33. Rxf5 Nf6 34. Bc3 Ra3 35. Ra5 Rab3 (35... Rxa5 $142 36. Bxa5 Rb3+ 37. Rc3 Rb5 38. Rc8+ Kf7) 36. Nd2 Rd1 $18 37. Ke2 Rxd2+ 38. Bxd2 Kh7 39. f3 Rb1 40. Ra6 Bg3 41. Rxf6 gxf6 42. f4 Kg6 43. Kf3 Bh2 44. g4 Rg1 45. d5 Rg3+ 46. Kf2 h5 47. f5+ Kg5 48. d6 1-0

[Event "XVIII La Palma-ch 2019"]
[Site "La Palma"]
[Date "2019.03.30"]
[Round "3.4"]
[White "Martin Rodriguez, Jose Carlos"]
[Black "Alonso Perez, Alfredo"]
[Result "0-1"]
[ECO "E76"]
[WhiteElo "1761"]
[BlackElo "1730"]
[Annotator "NA"]
[PlyCount "58"]
[EventDate "2019.03.29"]
[EventType "swiss"]
[EventCountry "ESP"]
[SourceTitle "playchess.com"]
[Source "ChessBase"]
[SourceQuality "1"]
[TimeControl "5400+30"]

1. d4 Nf6 2. c4 g6 3. Nc3 Bg7 4. e4 d6 5. f4 O-O 6. Nf3 Nbd7 7. Be2 c5 8. e5 Ne8 9. Be3 Qa5 10. O-O cxd4 11. Nxd4 dxe5 12. Nb3 Qd8 13. f5 Nd6 14. fxg6 hxg6 15. c5 Ne8 16. Bf3 Nef6 17. c6 bxc6 18. Bxc6 Ba6 19. Rf2 Rc8 20. Bf3 Rc7 21. Rd2 Qc8 22. Qe1 Nb6 23. Rad1 Nc4 24. Nd5 Nxd2 25. Nxf6+ Bxf6 26. Qxd2 Rc2 27. Qa5 Be2 28. Bxe2 Rxe2 29. Qxa7 Qg4 0-1

[Event "XVIII La Palma-ch 2019"]
[Site "La Palma"]
[Date "2019.03.31"]
[Round "4.1"]
[White "Haertl, Siegfried"]
[Black "Guerra Arrocha, Daniel"]
[Result "0-1"]
[ECO "E94"]
[WhiteElo "1945"]
[BlackElo "2038"]
[Annotator "NA RC"]
[PlyCount "78"]
[EventDate "2019.03.29"]
[EventType "swiss"]
[EventCountry "ESP"]
[SourceTitle "playchess.com"]
[Source "ChessBase"]
[SourceQuality "1"]
[TimeControl "5400+30"]

1. d4 Nf6 2. c4 g6 3. Nc3 Bg7 4. e4 d6 5. Nf3 O-O 6. Be2 Na6 7. O-O e5 8. Bg5 Qe8 9. d5 Nc5 10. Nd2 a5 11. Be3 b6 12. b3 h6 13. a3 Nh7 14. b4 Nb7 15. Nb5 Qd8 16. Qc2 f5 17. f3 f4 18. Bf2 Rf7 19. c5 bxc5 20. bxc5 Nxc5 21. Bxc5 dxc5 22. Nb3 Bf8 23. Nxc5 c6 24. dxc6 Qb6 25. Rfc1 Rf6 26. Kh1 Rxc6 27. Na4 Rxc2 28. Nxb6 Rxe2 29. Nxa8 Bd7 30. Nc3 Rb2 31. Nd5 Kh8 32. h3 Ng5 33. Nf6 Bxh3 34. gxh3 Nxf3 35. Ng4 h5 36. Rab1 Re2 37. Rc3 hxg4 38. Rxf3 gxf3 39. Rb8 Kg7 0-1

[Event "XVIII La Palma-ch 2019"]
[Site "La Palma"]
[Date "2019.03.31"]
[Round "4.2"]
[White "Rodriguez Bittar, Karim Javier"]
[Black "Rodriguez Miranda, Sergio"]
[Result "1/2-1/2"]
[ECO "E62"]
[WhiteElo "1940"]
[BlackElo "1957"]
[Annotator "NA"]
[PlyCount "68"]
[EventDate "2019.03.29"]
[EventType "swiss"]
[EventCountry "ESP"]
[SourceTitle "playchess.com"]
[Source "ChessBase"]
[SourceQuality "1"]
[TimeControl "5400+30"]

1. d4 Nf6 2. c4 g6 3. g3 Bg7 4. Bg2 O-O 5. Nf3 d6 6. Nc3 c6 7. O-O Bf5 8. Nh4 Be6 9. Qd3 d5 10. b3 Na6 11. a3 Ne4 12. Bb2 Nxc3 13. Bxc3 Qd7 14. Rfd1 Nc7 15. Nf3 Bf5 16. Qd2 f6 17. Qb2 Rfe8 18. Rac1 Rad8 19. e3 Qc8 20. Re1 Be4 21. Ba5 b6 22. Bc3 Qe6 23. Nd2 Bxg2 24. Kxg2 Qf5 25. e4 dxe4 26. Rxe4 e5 27. Rce1 exd4 28. Rxe8+ Rxe8 29. Rxe8+ Nxe8 30. Bxd4 c5 31. Be3 Qd3 32. Qb1 Qd7 33. Qe4 Kf7 34. b4 Bf8 1/2-1/2

[Event "XVIII La Palma-ch 2019"]
[Site "La Palma"]
[Date "2019.03.31"]
[Round "4.3"]
[White "Rodriguez Martin, Miguel Angel"]
[Black "Alonso Perez, Alfredo"]
[Result "0-1"]
[ECO "A40"]
[WhiteElo "2026"]
[BlackElo "1730"]
[Annotator "NA"]
[PlyCount "126"]
[EventDate "2019.03.29"]
[EventType "swiss"]
[EventCountry "ESP"]
[SourceTitle "playchess.com"]
[Source "ChessBase"]
[SourceQuality "1"]
[TimeControl "5400+30"]

1. d4 g6 2. c4 Bg7 3. Nc3 c5 4. dxc5 Na6 5. e4 Nxc5 6. f4 Bxc3+ 7. bxc3 Nxe4 8. Qd4 Ngf6 9. Bd3 Qb6 10. Bxe4 Qxd4 11. cxd4 Nxe4 12. Bb2 b5 13. d5 O-O 14. cxb5 Rb8 15. a4 a6 16. Bd4 axb5 17. a5 Bb7 18. h4 h5 19. g4 Bxd5 20. gxh5 gxh5 21. Nf3 f6 22. Rg1+ Kf7 23. Bb6 Nd6 24. Nd4 Rg8 25. Rxg8 Rxg8 26. Nc2 Nc4 27. Bf2 Nb2 28. Ra3 Nc4 29. Ra1 Rc8 30. Nb4 Be4 31. a6 Nb2 32. a7 Na4 33. Rd1 Bf3 34. Rxd7 Rc1+ 35. Kd2 Rd1+ 36. Ke3 Rxd7 37. Kxf3 Rd8 38. Nc6 Ra8 39. Ke4 e6 40. f5 Nc3+ 41. Kd4 b4 42. Kc4 Ne4 43. Bg1 exf5 44. Kxb4 f4 45. Kb5 f3 46. Kb6 f2 47. Bxf2 Nxf2 48. Kb7 Rxa7+ 49. Kxa7 Ke6 50. Kb6 Kf5 51. Kc5 Kg4 52. Kd4 Kxh4 53. Ke3 Kg3 54. Nd4 Ng4+ 55. Ke4 Nh6 56. Ne2+ Kf2 57. Nf4 h4 58. Nh3+ Kg3 59. Ng1 h3 60. Nf3 f5+ 61. Ke3 Ng4+ 62. Ke2 h2 63. Nxh2 Nxh2 0-1

[Event "XVIII La Palma-ch 2019"]
[Site "La Palma"]
[Date "2019.03.31"]
[Round "4.4"]
[White "Francisco Concepcion, Francisco"]
[Black "Ros Octavio De Toledo, Eduardo"]
[Result "0-1"]
[ECO "A06"]
[WhiteElo "1494"]
[BlackElo "2061"]
[Annotator "NA"]
[PlyCount "70"]
[EventDate "2019.03.29"]
[EventType "swiss"]
[EventCountry "ESP"]
[SourceTitle "playchess.com"]
[Source "ChessBase"]
[SourceQuality "1"]
[TimeControl "5400+30"]

1. Nf3 Nf6 2. Nc3 d5 3. e3 Bg4 4. h3 Bh5 5. Be2 c6 6. b3 Nbd7 7. g4 Bg6 8. Nh4 e5 9. Ng2 d4 10. exd4 exd4 11. Na4 Bd6 12. O-O h5 13. g5 Nd5 14. f4 Bf5 15. c4 Ne7 16. h4 g6 17. Nb2 O-O 18. Nd3 Qc7 19. Nde1 c5 20. d3 Kg7 21. Bb2 Nb8 22. b4 a5 23. b5 Bh3 24. Bc1 Nf5 25. Rf2 Nd7 26. Bd2 Rfe8 27. Bf3 Rab8 28. Kh2 Ne3 29. Qc1 Bxg2 30. Nxg2 Bxf4+ 31. Nxf4 Qxf4+ 32. Kh3 Ne5 33. Qh1 Nxd3 34. Rh2 Nf5 35. Kg2 Qxd2+ 0-1

[Event "XVIII La Palma-ch 2019"]
[Site "La Palma"]
[Date "2019.03.31"]
[Round "5.1"]
[White "Alonso Perez, Alfredo"]
[Black "Guerra Arrocha, Daniel"]
[Result "0-1"]
[ECO "A40"]
[WhiteElo "1730"]
[BlackElo "2038"]
[Annotator "NA RC"]
[PlyCount "86"]
[EventDate "2019.03.29"]
[EventType "swiss"]
[EventCountry "ESP"]
[SourceTitle "playchess.com"]
[Source "ChessBase"]
[SourceQuality "1"]
[TimeControl "5400+30"]

1. d4 g6 2. c4 Bg7 3. e4 c5 4. Ne2 Qb6 5. dxc5 Qxc5 6. Nec3 Nf6 7. Be3 Qa5 8. Nd2 d6 9. Be2 Nc6 10. O-O O-O 11. a3 Be6 12. b4 Qd8 13. Nd5 Ne5 14. f3 Bd7 15. Nxf6+ $14 Bxf6 16. Rc1 Nc6 17. Nb3 Bb2 18. Ra1 Bxa1 19. Qxa1 f6 20. c5 Be6 21. Qb1 b6 22. Rd1 bxc5 23. Nxc5 Qb6 24. Nxe6 Qxe3+ 25. Kf1 Rfc8 26. Qa2 Kh8 27. Ba6 Rcb8 28. Qd5 Qb6 29. b5 Nd8 30. Rc1 Nxe6 31. Qxe6 Re8 32. Rc6 Qa5 33. Qb3 Rad8 34. Qd3 Rd7 35. Qc2 Qxa3 36. Bc8 Rdd8 37. Be6 Qa1+ 38. Kf2 Qd4+ 39. Kf1 Qe5 40. Qb3 Rb8 41. Bc4 Rec8 42. Qa2 Rxc6 43. bxc6 Qc5 0-1

[Event "XVIII La Palma-ch 2019"]
[Site "La Palma"]
[Date "2019.03.31"]
[Round "5.2"]
[White "Ros Octavio De Toledo, Eduardo"]
[Black "Rodriguez Miranda, Sergio"]
[Result "0-1"]
[ECO "E97"]
[WhiteElo "2061"]
[BlackElo "1957"]
[Annotator "NA RC"]
[PlyCount "58"]
[EventDate "2019.03.29"]
[EventType "swiss"]
[EventCountry "ESP"]
[SourceTitle "playchess.com"]
[Source "ChessBase"]
[SourceQuality "1"]
[TimeControl "5400+30"]

1. Nf3 Nf6 2. c4 g6 3. Nc3 Bg7 4. e4 d6 5. d4 O-O 6. Be2 e5 7. O-O Nc6 8. d5 Ne7 9. b4 Ne8 10. c5 f5 11. Nd2 Nf6 12. f3 f4 13. a4 g5 14. Ba3 Rf7 15. b5 Bf8 16. Nc4 Ng6 17. b6 axb6 {[%emt 0:17:48] LiveBook: 7 Games} 18. cxd6 cxd6 19. Nb5 Ne8 20. Qb3 (20. Bb4 $16) 20... h5 21. Bb4 g4 22. Rfc1 Rg7 23. Kh1 Nh8 24. Rg1 Nf7 25. Rac1 g3 26. h3 Qh4 27. Bf1 Ng5 28. Ncxd6 {[%emt 0:16:51] [#]} Nxh3 $1 29. gxh3 Bxh3 0-1